 Dungeon Crawl Stone Soup version 0.18.1-48-g4cf74bf (webtiles) character file.

267 Alarkh the Insei (level 6, 0/44 HPs)
             Began as a Vampire Skald on July 20, 2016.
             Slain by Purgy (6 damage)
             ... in a sewer.
             The game lasted 00:04:22 (2096 turns).

Alarkh the Insei (Vampire Skald)                    Turns: 2096, Time: 00:04:23

Health: 0/44       AC:  6    Str: 11    XL:     6   Next: 0%
Magic:  3/9        EV: 11    Int: 17    God:
Gold:   51         SH:  0    Dex: 13    Spells: 3 memorised, 3 levels left

rFire  . . .     SeeInvis +       - Unarmed
rCold  . . .     Gourm    .     a - +0 leather armour
rNeg   . . .     Faith    .     (no shield)
rPois  .         Spirit   .     i - +0 helmet
rElec  .         Dismiss  .     (no cloak)
rCorr  .         Reflect  .     (no gloves)
SustAt .         Harm     .     (no boots)
MR     .....                    (no amulet)
Stlth  +.........               (no ring)
                                (no ring)

@: regenerating quickly, not resistant to hostile enchantments, very unstealthy
A: fangs 3, slimy green scales 1, see invisible, deterioration 1, unbreathing
a: no special abilities


You were in a sewer.
You were full.

You visited 1 branch of the dungeon, and saw 3 of its levels.
You also visited: Sewer.

You collected 51 gold pieces.

Inventory:

Armour
 a - a +0 leather armour (worn)
 i - a +0 helmet (worn)
Scrolls
 e - a scroll of amnesia {unknown}
 f - 3 scrolls of identify {unknown}
 g - a scroll of blinking {unknown}
 h - a scroll of remove curse {unknown}
 l - 2 scrolls of random uselessness {unknown}
Potions
 c - 12 potions of blood
 d - a potion of curing
Books
 b - a book of Battle

   Spells                             Type                      Level
   a - Infusion                       Charms                       1
   b - Shroud of Golubria             Charms/Translocation         2
   c - Song of Slaying                Charms                       2
   d - Spectral Weapon                Hexes/Charms                 3
   e - Regeneration                   Charms/Necromancy            3


   Skills:
 - Level 1.7 Fighting
 - Level 0.7 Armour
 - Level 1.1 Dodging
 + Level 7.0 Unarmed Combat
 - Level 2.0 Spellcasting
 - Level 3.2 Charms


You had 3 spell levels left.
You knew the following spells:

 Your Spells              Type           Power        Failure   Level  Hunger
a - Infusion              Chrm           ##..         10%         1    #......
b - Shroud of Golubria    Chrm/Tloc      #.........   21%         2    ###....
c - Regeneration          Chrm/Necr      #.........   38%         3    ###....


Dungeon Overview and Level Annotations

Branches:
Dungeon (3/15)

Altars:
Sif Muna

Annotations:
Sewer Purgy


Innate Abilities, Weirdness & Mutations

Your natural rate of healing is unusually fast.
You have razor-sharp teeth.
You have supernaturally acute eyesight.
You can survive without breathing.
You are partially covered in slimy green scales (AC +2).
Your body sometimes deteriorates upon taking damage.


Message History

Purgy is severely wounded.
Purgy misses you. Purgy claws you. Purgy claws you but does no damage.
You closely miss Purgy.
Purgy is severely wounded.
Purgy bites you. Purgy claws you but does no damage. x2
You barely miss Purgy. Your bite misses Purgy.
Purgy is heavily wounded.
Purgy bites you.
* * * LOW HITPOINT WARNING * * *
Purgy claws you but does no damage. Purgy claws you.
* * * LOW HITPOINT WARNING * * *
You hit Purgy. Your punch misses Purgy.
Purgy is severely wounded.
Purgy bites you.
* * * LOW HITPOINT WARNING * * *
Purgy claws you but does no damage. x2
You punch Purgy!
Purgy is almost dead.
Purgy bites you.
You die...

#### #..####
#..##≈# #..##≈#
##.###≈# ########
#...##≈##
###......###
#...#.≈.#
###.≈....≈...#
#.....≈.#
###.≈≈T≈####.≈...#
#.....≈≈###.≈..@###
###≈.≈≈.#
#####†≈...≈≈≈≈≈##
#≈.≈≈≈.
#...÷.≈≈###...≈.#
...≈## #(∩.).≈.#
###.≈.≈≈# .≈##≈?
#.∩.#.≈.# ###.....
## $ #...##≈##
##... ######≈# ###
#≈# ###


You could see Purgy.

Vanquished Creatures
  Sigmund (D:2)
  3 adders (D:2)
  2 worms (D:2)
  3 dart slugs (D:2)
  4 ball pythons (D:3)
  8 bats
  4 giant cockroaches
  4 goblins
  5 hobgoblins
  14 jackals
  3 quokkas
  4 giant newts
  10 kobolds
  5 rats
70 creatures vanquished.

Notes
Turn   | Place    | Note
--------------------------------------------------------------
     0 | D:1      | Alarkh the Vampire Skald began the quest for the Orb.
     0 | D:1      | Reached XP level 1. HP: 16/16 MP: 3/3
   234 | D:1      | Reached skill level 3 in Unarmed Combat
   234 | D:1      | Reached XP level 2. HP: 7/22 MP: 1/5
   913 | D:2      | Gained mutation: Your body sometimes deteriorates upon taking damage. [potion of mutation]
   913 | D:2      | Gained mutation: You are partially covered in slimy green scales (AC +2). [potion of mutation]
   918 | D:2      | Reached XP level 3. HP: 25/27 MP: 1/6
   930 | D:2      | Reached skill level 4 in Unarmed Combat
  1354 | D:2      | Noticed Sigmund
  1359 | D:2      | Learned a level 2 spell: Shroud of Golubria
  1363 | D:2      | Learned a level 3 spell: Regeneration
  1381 | D:2      | Reached XP level 4. HP: 31/33 MP: 7/7
  1467 | D:2      | Killed Sigmund
  1467 | D:2      | Reached skill level 6 in Unarmed Combat
  1467 | D:2      | Reached XP level 5. HP: 12/38 MP: 0/8
  1955 | D:3      | Found a faded altar to an unknown god.
  1965 | D:3      | Became a worshipper of Sif Muna the Loreminder
  1965 | D:3      | Reached * piety under Sif Muna
  1965 | D:3      | Fell from the grace of Sif Muna
  1973 | D:3      | Found a glowing drain.
  1993 | Sewer    | Entered a sewer
  2021 | Sewer    | Reached XP level 6. HP: 32/44 MP: 5/9
  2022 | Sewer    | Reached skill level 7 in Unarmed Combat
  2068 | Sewer    | Noticed Purgy
  2096 | Sewer    | Slain by Purgy

Skill      XL: |  1  2  3  4  5  6 |
---------------+-------------------+-----
Unarmed Combat | 3 4 6 7 |  7.0
Fighting       | |  1.7
Armour         | |  0.7
Dodging        | |  1.1
Spellcasting   | |  2.0
Charms         | |  3.2

Action                   |  1- 3 |  4- 6 || total
-------------------------+-------+-------++-------
Melee: Unarmed           |   176 |   119 ||   295
       Bite              |    11 |     7 ||    18
       Punch             |       |     3 ||     3
 Cast: Infusion          |    11 |     5 ||    16
       Shroud of Golubri |       |     1 ||     1
Invok: Renounce Religion |       |     1 ||     1
  Use: Potion            |     2 |    13 ||    15
Armor: Leather armour    |    66 |    71 ||   137
Dodge: Dodged            |   112 |    80 ||   192
